Cogmind - Beta 16 @@@ ROGUE MODE // 2026.01.26 @ 19:26:39 Player: Arttano Result: Self-destructed Performance ------------- Evolutions (1) 500 Regions Visited (3) 600 Robots Destroyed (29) 145 Value Destroyed (651) 651 Prototype IDs (7) 140 Alien Tech Used (0) 0 Bonus (0) 0 TOTAL SCORE: 2036 Bonus ------- None Cogmind --------- Core Integrity 30/400 Matter 226/300 Energy 100/100 System Corruption 0% Temperature Cool (0) Movement Walking (190) Ox1 Location -9/Materials Parts ------- > --- POWER (1) -------- (None) > --- PROPULSION (3) --- Aluminum Leg > --- UTILITY (3) ------ Large Storage Unit > --- WEAPON (2) ------- (None) > --- INVENTORY (15) --- Ion Engine Deuterium Engine Sensor Array Improved Terrain Scan Processor Improved Light Armor Plating Improved Assault Rifle Scythe Peak State ------------ > --- POWER ------------ Deuterium Engine > --- PROPULSION ------- Aluminum Leg Aluminum Leg Improved Aluminum Leg > --- UTILITY ---------- Small Storage Unit Hardened Medium Armor Plating Improved Light Armor Plating > --- WEAPON ----------- Ion Cannon Improved Assault Rifle > --- INVENTORY -------- Ion Engine Light Deuterium Engine Aluminum Leg Structural Scanner Improved Terrain Scan Processor Grenade Launcher Scythe [Rating: 21] Favorites ----------- Power Ion Engine Engine Ion Engine Propulsion Aluminum Leg Leg Aluminum Leg Utility Small Storage Unit Device Seismic Detector Storage Small Storage Unit Protection Hardened Medium Armor Plating Weapon Medium Laser Energy Gun Medium Laser Energy Cannon Ion Cannon Ballistic Gun Improved Assault Rifle Launcher Grenade Launcher Build | -11 -10 -10 -9 ------- Run | Yrd Mat Min Mat Slots Evolved 2 | . . . 2 Power . | . . . . Propulsion 1 | . . . 1 Utility 1 | . . . 1 Weapon . | . . . . Parts Attached 20 | 1 6 4 9 Power 2 | . . 1 1 Engine 2 | . . 1 1 Core . | . . . . Reactor . | . . . . Propulsion 6 | . 2 . 4 Treads . | . . . . Leg 6 | . 2 . 4 Wheel . | . . . . Hover . | . . . . Flight . | . . . . Utility 5 | 1 . 1 3 Device 2 | 1 . . 1 Storage 1 | . . . 1 Processor . | . . . . Hackware . | . . . . Protection 2 | . . 1 1 Artifact . | . . . . Weapon 7 | . 4 2 1 Energy Gun 2 | . 2 . . Energy Cannon 1 | . . 1 . Ballistic Gun 1 | . . . 1 Ballistic Cannon . | . . . . Launcher 3 | . 2 1 . Special Weapon . | . . . . Impact Weapon . | . . . . Slashing Weapon . | . . . . Piercing Weapon . | . . . . Special Melee Weapon . | . . . . Unidentified Prototypes 2 | . . . 2 Parts Lost 13 | . 2 1 10 Power 1 | . . . 1 Propulsion 6 | . 1 . 5 Utility 3 | . . 1 2 Weapon 3 | . 1 . 2 Highest Loss Streak 9 | . 1 1 9 To Critical Strikes 1 | . . . 1 Average Backups 7 | 6 7 7 7 Power 1 | 1 1 1 2 Propulsion 2 | 4 3 1 . Utility 1 | . . 2 2 Weapon 1 | 1 2 2 2 Tool/Special . | . . . . Unused Backups 13 | . 4 2 7 Power 3 | . . 1 2 Propulsion 2 | . 2 . . Utility 4 | . . . 4 Weapon 4 | . 2 1 1 Tool/Special . | . . . . Average Slot Usage (%) 97 | . 99 95 95 Engine 12 | . 14 14 11 Leg 28 | . 27 28 30 Device 10 | . 14 3 8 Storage 12 | . 14 14 11 Protection 5 | . . 5 12 Energy Gun 13 | . 22 11 1 Energy Cannon 5 | . . 12 11 Ballistic Gun 2 | . . . 8 Launcher 3 | . 4 4 1 Peak Build Rating 21 | 7 7 14 21 Average Rating 11 | 6 6 12 18 On Entrance 8 | 6 7 7 14 Avg Prop Armor Cover (%) . | . . . . Naked Turns . | . . . . Heaviest Build 46 | 14 17 25 46 Greatest Support 33 | 20 20 20 33 Greatest Overweight (x) 11 | . 1 1 11 Average Overweight (x) . | . . . . Largest Inventory Capacity 15 | 8 8 8 15 Average Capacity 8 | 8 8 8 9 Most Carried 8 | 6 8 8 8 Average Carried 7 | 6 7 7 7 Final Capacity 15 | 8 8 8 15 Final Carried 8 | 6 6 8 7 Class Distribution -------------------- 98% | Mutant Dominant Class ---------------- Mutant | -10/Materials Mutant | -10/Mines Mutant | -9/Materials Resources | -11 -10 -10 -9 ----------- Run | Yrd Mat Min Mat Matter Collected 651 | 210 132 163 146 Remotely . | . . . . Salvage Created 605 | 39 302 6 258 Parts 42 | 6 20 . 16 Haulers Intercepted 1 | . . . 1 Recyclers Shooed 1 | . 1 . . Parts Field Recycled . | . . . . Retrieved Matter . | . . . . Parts Self-Destructed . | . . . . Prevented . | . . . . Parts Restored . | . . . . Kills | -11 -10 -10 -9 ------- Run | Yrd Mat Min Mat Combat Hostiles Destroyed 23 | . 14 1 8 Guns 6 | . 4 . 2 Cannons 2 | . . . 2 AOE 14 | . 9 1 4 Classes Destroyed 8 | 1 4 1 2 Worker 2 | . 2 . . Tunneler 3 | 2 . . 1 Hauler 1 | . . . 1 Watcher 1 | . 1 . . Swarmer 9 | . 6 . 3 Grunt 11 | . 8 . 3 Sentry 2 | . . . 2 Assembled 1 | . . 1 . Best Kill Streak 8 | 1 8 1 7 Combat Bots Only 5 | . 5 1 5 Max Kills in Single Turn 4 | 1 4 1 2 Gunslinging . | . . . . Exploded 3 | . 3 1 1 Melee . | . . . . Uniques/NPCs Destroyed . | . . . . Combat | -11 -10 -10 -9 -------- Run | Yrd Mat Min Mat Hostile Shots Fired 240 | . 82 8 150 Missed 74 | . 24 2 48 Hits 166 | . 58 6 102 Projectile 166 | . 58 6 102 Critical Strikes 3 | . . . 3 Damage Taken 2129 | . 648 120 1361 Core 616 | . 219 27 370 Absorbed by Shields . | . . . . Core Remaining (%) 50 | 100 . 1 . Volleys Fired 56 | 5 28 2 21 Largest 2 | 2 2 2 2 Hottest 90 | 90 90 90 90 Shots Fired 102 | 10 46 4 42 Gun 60 | 10 35 . 15 Cannon 23 | . . 2 21 Launcher 19 | . 11 2 6 Special . | . . . . Kinetic 15 | . . . 15 Thermal 68 | 10 35 2 21 Explosive 19 | . 11 2 6 Electromagnetic . | . . . . Robot Hit Streak 14 | 7 7 . 14 Robot Miss Streak 3 | 1 3 . 1 Penetration Max . | . . . . Secondary Targets . | . . . . Shots Hit Robots 62 | 8 28 . 26 Core Hits 51 | 2 28 3 18 Critical Kills . | . . . . Critical Parts Destroyed . | . . . . Critical Strikes 3 | . 3 . . Burn 3 | . 3 . . Melee Attacks . | . . . . Impact . | . . . . Slashing . | . . . . Piercing . | . . . . Sneak Attacks . | . . . . Combat Hostiles . | . . . . Follow-up Attacks . | . . . . Damage Inflicted 2152 | 95 1144 21 892 Guns 567 | 95 290 . 182 Cannons 294 | . . . 294 Explosions 1290 | . 854 21 415 Melee . | . . . . Ramming 1 | . . . 1 Kinetic 182 | . . . 182 Thermal 679 | 95 290 . 294 Explosive 1290 | . 854 21 415 Electromagnetic . | . . . . Impact . | . . . . Slashing . | . . . . Piercing . | . . . . Highest Corruption 1 | . 1 1 . Average Corruption 1 | . 1 1 . Corruption Purged . | . . . . Corruption Blocked . | . . . . Effects 4 | . 1 3 . Message Errors 1 | . 1 . . Heat Flow Errors 1 | . . 1 . Energy Discharges 1 | . . 1 . Data Loss (major) 1 | . . 1 . Overload Shots . | . . . . Overflow Damage 64 | . 49 . 15 Projectiles 15 | . . . 15 Explosions 49 | . 49 . . Melee . | . . . . Knockbacks . | . . . . Impact . | . . . . Kinetic . | . . . . Secondary . | . . . . Self-Inflicted Damage 69 | . 33 36 . Shots 3 | . 2 1 . Rammed . | . . . . Targets Rammed 1 | . . . 1 Kicked 1 | . . . 1 Crushed . | . . . . Highest Temperature 417 | 90 417 154 196 Average Temperature 94 | 41 136 76 74 Received Heat Transfer 840 | . 279 . 561 Effects 3 | . 3 . . Interference 3 | . 3 . . Siege Activations . | . . . . Martial Activations . | . . . . Shielding Activations . | . . . . Robots Disrupted . | . . . . Combat Hostiles . | . . . . Robots Corrupted . | . . . . Combat Hostiles . | . . . . Parts Fried . | . . . . Impact Corruptions . | . . . . Robots Melted 1 | . 1 . . Combat Hostiles 1 | . 1 . . Parts Melted 5 | 1 3 . 1 Heat Transferred 1743 | 236 1026 . 481 Parts Sabotaged . | . . . . Parts Stolen . | . . . . Parts Stripped . | . . . . Power Chain Reactions . | . . . . Alert | -11 -10 -10 -9 ------- Run | Yrd Mat Min Mat Maximum Alert Level 1 | . 1 . . Low Security (%) 93 | 100 86 100 100 Level 1 6 | . 13 . . Level 2 . | . . . . Level 3 . | . . . . Level 4 . | . . . . Level 5 . | . . . . High Security . | . . . . Max Security . | . . . . Peak Influence 254 | 5 254 79 127 Initial 79 | . 3 79 . Average 54 | 1 87 37 27 Influence Increases 726 | 10 442 24 250 Destroy 0b10 Robot/C 440 | . 280 . 160 Destroy 0b10 Robot/NC 35 | 10 15 . 10 Destroy Leader 74 | . 52 . 22 Successful Hack 28 | . 9 . 19 Disable Machine 45 | . 30 . 15 Destroy Structure 89 | . 41 24 24 Lose Combat Pursuer 15 | . 15 . . Influence Decreases 726 | 5 243 228 250 Entered New Map 127 | . 2 125 . Time Decay 470 | 5 211 93 161 Lost Part 109 | . 20 10 79 Lost Ally 20 | . 10 . 10 Squads Dispatched 4 | . 2 1 1 Investigation 2 | . 1 1 . Extermination . | . . . . Reinforcement 2 | . 1 . 1 Assault . | . . . . Garrison . | . . . . Intercept . | . . . . Searches Triggered . | . . . . Construction Impeded . | . . . . Haulers Reinforced . | . . . . Active Scanning Responses . | . . . . Cargo Convoy Interrupts . | . . . . Stealth | -11 -10 -10 -9 --------- Run | Yrd Mat Min Mat Distress Signals 5 | . 2 . 3 Communications Jammed . | . . . . Distress Signals . | . . . . Times Spotted 43 | . 22 1 20 Peak Tracking Total 7 | . 6 7 6 Tactical Retreats 2 | . 1 1 . Traps | -11 -10 -10 -9 ------- Run | Yrd Mat Min Mat Traps Triggered 3 | . 2 . 1 Indirectly . | . . . . Trap Hack Attempts . | . . . . Triggered . | . . . . Disarmed . | . . . . Reprogrammed . | . . . . Reused . | . . . . Traps Extracted . | . . . . Installed . | . . . . Triggered . | . . . . Machines | -11 -10 -10 -9 ---------- Run | Yrd Mat Min Mat Machines Disabled 4 | . 2 . 2 Max in Single Turn 1 | . 1 . 1 Machines Repaired . | . . . . Machines Dismantled . | . . . . Machines Sabotaged . | . . . . Overloaded Fab Kills . | . . . . Hacking | -11 -10 -10 -9 --------- Run | Yrd Mat Min Mat Machines Accessed 8 | . 3 1 4 Terminals 7 | . 3 . 4 Fabricators . | . . . . Repair Stations . | . . . . Recycling Units . | . . . . Scanalyzers . | . . . . Garrison Access . | . . . . Total Hacks 30 | . 10 1 19 Successful 16 | . 5 1 10 Failed 14 | . 5 . 9 Catastrophic . | . . . . Database Lockouts . | . . . . Manual 26 | . 8 . 18 Terminals 29 | . 10 . 19 Fabricators . | . . . . Repair Stations . | . . . . Recycling Units . | . . . . Scanalyzers . | . . . . Garrison Access . | . . . . Terminal Hacks 8 | . 2 1 5 Prototype ID Bank 3 | . 1 . 2 Open Door 1 | . . 1 . Terminal Index 1 | . . . 1 Hauler Manifests 3 | . 1 . 2 Fabricator Hacks . | . . . . Repair Station Hacks . | . . . . Recycling Unit Hacks . | . . . . Scanalyzer . | . . . . Garrison Access Hacks . | . . . . Unauthorized Hacks 8 | . 3 . 5 Terminals 8 | . 3 . 5 Assimilate 2 | . 1 . 1 Botnet 4 | . 1 . 3 Operators 2 | . 1 . 1 Fabricators . | . . . . Repair Stations . | . . . . Recycling Units . | . . . . Scanalyzers . | . . . . Garrison Access . | . . . . Data Cores Recovered . | . . . . Used . | . . . . Hacking Detections 7 | . 3 . 4 Full Trace Events . | . . . . Feedback Events . | . . . . Feedback Blocked . | . . . . Robot Schematics Acquired . | . . . . Robots Built . | . . . . Authchips . | . . . . Time . | . . . . Total Robot Build Rating . | . . . . Part Schematics Acquired . | . . . . Parts Built . | . . . . Authchips . | . . . . Time . | . . . . Total Part Build Rating . | . . . . Part Studies Acquired . | . . . . Parts Repaired . | . . . . Time . | . . . . Parts Recycled . | . . . . Recycled Matter . | . . . . Retrieved Matter . | . . . . Retrieved Components . | . . . . Parts Scanalyzed . | . . . . Part Schematics Acquired . | . . . . Parts Damaged . | . . . . Bothacking | -11 -10 -10 -9 ------------ Run | Yrd Mat Min Mat Used RIF Installer . | . . . . Robots Hacked . | . . . . Non-combat . | . . . . Combat . | . . . . Robot Hacks Applied . | . . . . Relay Couplers Released . | . . . . Fabnet Peak Effective % . | . . . . Robots Rewired . | . . . . Allies Hacked . | . . . . Hacks Repelled . | . . . . Allies | -11 -10 -10 -9 -------- Run | Yrd Mat Min Mat Total Allies 2 | . 1 . 1 Largest Group 1 | . 1 . 1 Highest-Rated Group 10 | . 10 . 10 Highest-Rated Ally 10 | . 10 . 10 Total Orders . | . . . . Ally Attacks . | . . . . Total Damage . | . . . . Kills . | . . . . Allies Corrupted . | . . . . Allies Melted . | . . . . Intel | -11 -10 -10 -9 ------- Run | Yrd Mat Min Mat Active Infowar (turns) 972 | 8 508 53 403 Structural 403 | . . . 403 Seismic 569 | 8 508 53 . Robot Analysis Total . | . . . . Derelict Logs Recovered . | . . . . Drone Launches . | . . . . Drone Recoveries . | . . . . Exploration | -11 -10 -10 -9 ------------- Run | Yrd Mat Min Mat Turns Passed 1556 | 78 704 232 542 Spaces Moved 846 | 21 425 117 283 Core 2 | . . . 2 Treads . | . . . . Legs 844 | 21 425 117 281 Wheels . | . . . . Hover . | . . . . Flight . | . . . . Fastest Speed 120 | 120 120 120 120 Average Speed 136 | 120 120 179 143 Slowest Speed 600 | 120 190 190 600 Overloaded Moves . | . . . . Propulsion Burnouts . | . . . . Robots Hopped . | . . . . Potential Cave-ins . | . . . . Cave-ins Triggered . | . . . . Exploration Rate (%) 37 | 4 82 33 32 Regions Visited 3 Branch Regions 1 Pre-discovered Areas . | . . . . Known Exits Taken . | . . . . Unknown Exits Taken 3 | 1 1 1 . Scrap Searched 2 | . . 2 . Spaces Dug . | . . . . Terrain Destroyed 103 | . 47 25 31 Melee . | . . . . Projectile 7 | . . 2 5 AOE 96 | . 47 23 26 Terrain Rammed . | . . . . Walls Destroyed . | . . . . Machines Disabled . | . . . . Actions | -11 -10 -10 -9 --------- Run | Yrd Mat Min Mat Total 1140 | 63 569 137 371 Wait 172 | 37 89 3 43 Move 843 | 20 424 116 283 Hop . | . . . . Pick Up 16 | . 9 5 2 Fast Attach 8 | 1 . 1 6 Attach 7 | . 2 1 4 Detach 1 | . . . 1 Swap 21 | . 10 4 7 Drop 15 | . 7 5 3 Fire 56 | 5 28 2 21 Melee . | . . . . Ram . | . . . . Kick 1 | . . . 1 Crush . | . . . . Escape Stasis . | . . . . Rewire . | . . . . Trap . | . . . . Miscellaneous . | . . . . Route ------- -11/Scrapyard -10/Materials (discovered 3 exits: *Mat x2 / *Min) -10/Mines -9/Materials (discovered 1 exit: [*Min]) History --------- Turn | Location | Event 1 | -11/Scrapyard | Discovered new exit (range 3) 79 | -11/Scrapyard | Entered Materials 250 | -10/Materials | Discovered new exit (range 8) 301 | -10/Materials | Build established: Mutant 385 | -10/Materials | Core integrity fell below 50% 456 | -10/Materials | Discovered new exit (range 4) 565 | -10/Materials | Discovered new exit (range 16) 772 | -10/Materials | Core integrity fell below 20% 783 | -10/Materials | Entered Mines 786 | -10/Mines | Met a Derelict shopkeep closing up shop 818 | -10/Mines | Assembled infested the area 823 | -10/Mines | Assisted by a Guerilla fighting off Assembled 846 | -10/Mines | Found DCF Scrap (13 items) 885 | -10/Mines | YI-UF0 nonchalantly dropped a Grenade Launcher on the ground 977 | -10/Mines | Discovered new exit (range 8) 1000 | -10/Mines | Joined a pair of Derelicts in attacking an 0b10 outpost 1015 | -10/Mines | Entered Materials 1015 | -9/Materials | Evolved 2 slots: Propulsion x1, Utility x1 1406 | -9/Materials | Discovered new exit (range 9) 1542 | -9/Materials | Core integrity fell below 50% 1551 | -9/Materials | Core integrity fell below 20% 1557 | -9/Materials | Self-destructed Last Messages --------------- 01491_ U-05 Engineer lays Concrete. 01493_ U-05 Engineer builds a Wall. 01502_ G-34 Mercenary destroyed. 01507_ Aluminum Leg destroyed. 01522_ Grenade Launcher destroyed. 01522_ K-01 Serf collects debris. 01525_ Aluminum Leg destroyed. 01525_ K-01 Serf collects debris. 01529_ Kicked K-01 Serf out of the way. 01529_ Aluminum Leg destroyed. 01531_ K-01 Serf collects debris. 01531_ Hrd. Medium Armor Plating destroyed. 01531_ Structural Scanner destroyed. 01537_ Critical hit (Burn: +37). 01545_ Acquired Aluminum Leg. 01553_ Hvy. Ion Engine destroyed. 01555_ Ion Cannon destroyed. 01555_ U-05 Engineer lays Concrete. 01556_ Aluminum Leg destroyed. 01557_ U-05 Engineer lays Concrete. Map ----- +----------------------------------------------------+ | ?????????????????????????????????????????????????? | | ?????????????????????????????????????????????????? | | ?????????????????????????????????????????????????? | | ?????????????????????????????????????????????????? | | ### ?????????????????????????????????????????????? | | ### ?????????????????????????????????????????????? | | ?????????????????????????????????????????????? | | ???????????????????????????????????????????????? | | ????????????????????????????????????????????????? | | ?????###????????? # ????????????????????????????? | | #?????###????????? # # ??? ??????????????????????? | | #????? # ??????? # # ???????????????????? | | #????""" # ??????? # #####+#######???????????????? | | ### """ # ?????? # ######???????????????? | | ### """ # ????? # # ???????????????? | | + # + + ????????????????? | | # o ######+#### g gg# ""????????????????? | | ###+####### #= ""????????????????? | | / # "?????????????????? | | k k # #####?????????? | | u u ############?????????? | | # ##?????????? | | # [= ##?????????? | | = * ; =[ ##?????????? | | ##### k % # ##?????????? | | ##### k @ ###########?????????? | | ####+###+##### !#### ### ###########?????????? | | ### [*! # ## ##### ### ???????? | | ## *%]""##### ### ??????? | | ### *%[ [!!#####[ " ????? | | ### =< "#####% g ###????????? | | """"" # % ||#####!g ##### ###????????? | | """"" ### ""## Y #######+####?????????? | | """"" ### "##! !##??? T ?????????? | | ## ####!!!!###???????????????????? | | ########### #############???????????????????? | | ############## ############????????????????????? | | ?????????# # ??????????????????????????????? | | ????????????? ????????????????????????????????? | | ????????????? ????????????????????????????????? | | ??????????????? ????????????????????????????????? | | ?????????????????????????????????????????????????? | | ?????????????????????????????????????????????????? | | ?????????????????????????????????????????????????? | | ?????????????????????????????????????????????????? | | ?????????????????????????????????????????????????? | | ?????????????????????????????????????????????????? | | ?????????????????????????????????????????????????? | | ?????????????????????????????????????????????????? | | ?????????????????????????????????????????????????? | +----------------------------------------------------+ Best States ------------- Heat Dissipation 28 Energy Generation 14 Energy Capacity 280 Matter Stores 300 Matter Capacity 300 Sight Range 16 Terrain Scan Density 10 Armor Coverage 375 Evasion (%) 55 Item Schematics ----------------- None Robot Schematics ------------------ None Fabricated ------------ Nothing Repaired ---------- Nothing Studied --------- None Alien Tech Used ----------------- None Achievements -------------- None Challenges ------------ None Game ------ Seed PiercelightMicroDeflector Manual? 0 Play Time 00:24:50 Cumulative 16.6 hours Start 2026.01.26 @ 15:04:13 End 2026.01.26 @ 19:26:39 Sessions 3 Manual Loads 0 Difficulty Rogue Special Mode None Game No. 19 Rogue 19 Adventurer 0 Explorer 0 Win Type - Total 0 Types 0/0/0/0/0/0/0/0/0/0 Lore% 13 Gallery% 14 Achievement% 15 Wizard Run 0 Options --------- Layout 2 ASCII 0 Keyboard 1 Movement Numpad Keybinds 1 Fullscreen 2 Font 24/Terminus Map View 50x44 Zoom Use 0% Tactical HUD 1 Map Filters NONE Filters NONE Steam 1 RUN: ad5e5118-2e25-4e53-86eb-2c736b574e7b